AoeStats
← RCM_SW

Oasis

509234480Analyzed
3v3 RM · 7d ago on Sep 26, 2026· 52m 36s· 6 players
Game mode
Random Map
Map size
Normal (6 player)
Population
200
Speed
Normal
Resources
Standard
Victory
Conquest
Starting age
Dark Age
Ending age
Imperial Age
RankedLock teamsTeams togetherTeam positionsShared explorationLock speedFull tech treeHidden civsTurbo modeCheats
Victory
Defeat
🇨🇱 Franks · Chile
883
+13
🇨🇱 Koreans · Chile
882
+13
🇨🇱 Japanese · Chile
872
+14
🇰🇷 Burgundians · South Korea
863
-15
🇷🇺 Malians · Russia
830
-14
🇦🇷 Wu · Argentina
772
-11
Vampir2014
0:53 Loom
12:53 Feudal Age
13:36 Horse Collar
13:44 Double-Bit Axe
14:36 Wheelbarrow
14:30 Stone Mining
14:34 Gold Mining
23:27 Castle Age
21:41 Forging
22:17 Fletching
23:00 Scale Mail Armor
23:04 Padded Archer Armor
24:12 Heavy Plow
24:25 Bow Saw
24:53 Stone Shaft Mining
25:36 Gold Shaft Mining
26:44 Hand Cart
29:51 Tigui
29:52 Bodkin Arrow
36:39 Imperial Age
35:43 Iron Casting
36:02 Leather Archer Armor
36:02 Chain Mail Armor
35:30 Pikeman
36:10 Squires
35:56 Arson
37:55 Conscription
38:57 Hoardings
38:50 Caravan
38:33 Treadmill Crane
39:26 Ballistics
40:04 Elite Gbeto
changlee8
0:33 Loom
7:29 Double-Bit Axe
14:37 Feudal Age
14:57 Wheelbarrow
14:53 Horse Collar
15:09 Town Watch
15:50 Heavy Plow
16:22 Bow Saw
18:54 Hand Cart
19:29 Caravan
23:41 Castle Age
21:22 Man-at-Arms
26:32 Town Patrol
26:28 Fletching
26:55 Husbandry
28:33 Gold Mining
29:10 Stone Mining
29:37 Forging
35:54 Imperial Age
34:04 Cavalier
37:06 Gold Shaft Mining
37:08 Stone Shaft Mining
38:30 Crop Rotation
37:48 Light Cavalry
39:10 Elite Skirmisher
39:13 Paladin
40:26 Burgundian Vineyards
40:18 Pikeman
40:58 Squires
40:43 Arson
41:53 Fervor
42:54 Two-Man Saw
45:15 Hoardings
45:41 Scale Mail Armor
45:46 Scale Barding Armor
45:42 Padded Archer Armor
46:37 Halberdier
48:27 Iron Casting
48:53 Sanctity
50:45 Chemistry
49:42 Murder Holes
49:58 Masonry
49:29 Treadmill Crane
50:05 Chain Mail Armor
ALDY
1:48 Loom
11:43 Feudal Age
12:22 Horse Collar
14:41 Double-Bit Axe
17:03 Gold Mining
17:10 Stone Mining
22:22 Castle Age
22:47 Fletching
23:16 Bow Saw
23:09 Heavy Plow
27:29 Bodkin Arrow
28:20 Padded Archer Armor
30:01 Red Cliffs Tactics
30:36 Pikeman
32:24 Squires
32:10 Arson
38:40 Town Watch
42:30 Imperial Age
45:53 Bracer
47:04 Two-Man Saw
48:32 Wheelbarrow
48:27 Conscription
48:52 Bloodlines
48:44 Husbandry
49:41 Gold Shaft Mining
49:44 Stone Shaft Mining
RCM_SW
0:42 Loom
11:27 Feudal Age
12:32 Town Watch
12:54 Double-Bit Axe
13:10 Man-at-Arms
14:01 Scale Mail Armor
14:06 Horse Collar
14:42 Forging
16:03 Arson
23:11 Castle Age
23:23 Long Swordsman
25:43 Iron Casting
26:14 Caravan
26:51 Wheelbarrow
28:19 Gold Mining
30:31 Fletching
30:45 Heavy Plow
35:54 Imperial Age
33:32 Gambesons
34:30 Squires
33:53 Elite Skirmisher
35:39 Bodkin Arrow
35:49 Town Patrol
36:10 Two-Handed Swordsman
37:30 Hand Cart
37:57 Bracer
39:13 Chain Mail Armor
38:58 Pikeman
40:29 Coinage
40:55 Plate Mail Armor
41:53 Blast Furnace
42:09 Banking
43:05 Conscription
43:26 Kataparuto
42:35 Champion
45:24 Halberdier
47:09 Hoardings
46:45 Elite Samurai
dameoroSW
10:34 Feudal Age
12:57 Loom
16:49 Castle Age
15:42 Double-Bit Axe
20:49 Wheelbarrow
24:18 Horse Collar
26:49 Bow Saw
30:20 Imperial Age
28:49 Forging
28:39 Scale Mail Armor
28:47 Heavy Plow
29:28 Squires
29:15 Arson
30:20 Hand Cart
31:15 Scale Barding Armor
31:46 Iron Casting
31:43 Conscription
31:16 Cavalier
31:56 Husbandry
32:19 Chain Mail Armor
33:59 Chain Barding Armor
33:50 Thumb Ring
34:24 Pikeman
38:21 Chemistry
38:52 Gold Mining
38:59 Elite Skirmisher
40:22 Elite Fire Lancer
41:41 Gold Shaft Mining
43:19 Plate Mail Armor
45:16 Halberdier
46:44 Light Cavalry
47:21 Fletching
48:02 Bodkin Arrow
50:31 Two-Man Saw
LuisSW
0:37 Loom
12:12 Feudal Age
20:48 Castle Age
20:20 Double-Bit Axe
20:49 Forging
20:46 Scale Barding Armor
22:49 Iron Casting
27:52 Gold Mining
30:01 Bow Saw
35:08 Imperial Age
33:19 Husbandry
39:56 Chemistry
38:29 Cavalier
40:30 Paladin
43:39 Chain Barding Armor
49:24 Wheelbarrow
50:12 Gold Shaft Mining
Connection lost

Rejoining the realm…

Still unreachable

The connection could not be restored.

Session expired

The server has moved on; the page needs a fresh start.